 Dungeon Crawl Stone Soup version 0.30-a0-618-gd6c86c23d0 (webtiles) character file.

Game seed: 10755259621660781442

5759 voltaire321 the Fighter (level 10, -2/71 (82) HPs)
             Began as a Demonspawn Gladiator on Jan 9, 2023.
             Was a Follower of Wu Jian.
             Slain by a wight
             ... wielding a +0 great sword
              (3 damage)
             ... on level 9 of the Dungeon.
             The game lasted 00:27:53 (7265 turns).

voltaire321 the Fighter (Demonspawn Gladiator)      Turns: 7265, Time: 00:27:54

HP:   -2/71 (82)    AC:  5    Str: 16    XL:     10   Next: 49%
MP:   13/13         EV: 18    Int: 17    God:    Wu Jian [*.....]
Gold: 143           SH:  0    Dex: 22    Spells: 9/13 levels left

rFire   . . .      SeeInvis .    f - +2 scimitar (spect)
rCold   . . .      Faith    .    (no shield)
rNeg    . . .      Spirit   .    b - +0 leather armour
rPois   .          Reflect  +    c - +1 helmet
rElec   .          Harm     .    (no cloak)
rCorr   .          Rampage  .    (no gloves)
Will    .....                    (no boots)
Stlth   +                        o - amulet of reflection
HPRegen 0.31/turn                m - +6 ring of dexterity
MPRegen 0.13/turn                j - +6 ring of intelligence

@: confused, mighty, studying Necromancy, heavily drained
A: ignite blood 1, sturdy frame 1, demonic touch 2
a: Renounce Religion


You were on level 9 of the Dungeon.
You worshipped Wu Jian.
Wu Jian was aware of your devotion.
You visited 1 branch of the dungeon, and saw 9 of its levels.

You collected 311 gold pieces.
You spent 168 gold pieces at shops.

Inventory:

Hand Weapons
 a - a +0 long sword of venom
 f - a +2 spectral scimitar (weapon)
Missiles
 d - 3 throwing nets
 e - 5 javelins (quivered)
 F - 10 boomerangs
 G - a curare-tipped dart
Armour
 b - a +0 leather armour (worn)
 c - a +1 helmet (worn)
Jewellery
 h - a ring of wizardry
 j - a +6 ring of intelligence (right hand)
 m - a +6 ring of dexterity (left hand)
 o - an amulet of reflection (around neck)
Wands
 i - a wand of mindburst (17)
 A - a wand of flame (47)
 C - a wand of paralysis (6)
Scrolls
 r - a scroll of blinking
 s - 3 scrolls of magic mapping
 t - 2 scrolls of fog
 v - 2 scrolls of teleportation
 w - a scroll of vulnerability
 x - a scroll of fear
 H - a scroll of poison
Potions
 g - 2 potions of lignification
 k - a potion of brilliance {unknown}
 l - 2 potions of haste
 n - 2 potions of ambrosia {unknown}
 p - a potion of invisibility
 q - 2 potions of flight
 u - 4 potions of might
 z - a potion of mutation
 B - a potion of cancellation
 D - a potion of magic
 J - 2 potions of attraction {unknown}


   Skills:
 + Level 8.7 Fighting
 + Level 8.1 Long Blades
 - Level 1.7 Throwing
 - Level 5.0 Armour
 + Level 8.2 Dodging
 - Level 2.0 Spellcasting
 + Level 1.1 Poison Magic


You had 9 spell levels left.
You knew the following spells:

 Your Spells              Type           Power      Damage    Failure   Level
a - Olgreb's Toxic Radia  Pois           5%         N/A       77%         4

Your spell library contained the following spells:

 Spells                   Type           Power      Damage    Failure   Level
 Sting                    Tmut/Pois      12%        1d3       16%         1
 Kiss of Death            Conj/Necr      4%         2d5       21%         1
 Poisonous Vapours        Pois/Air       6%         N/A       24%         2
 Blink                    Tloc           2%         N/A       30%         2
 Momentum Strike          Conj/Tloc      2%         3d8       30%         2
 Sublimation of Blood     Necr           1%         N/A       30%         2
 Wereblood                Tmut           1%         N/A       30%         2
 Confusing Touch          Hex            1%         N/A       52%         3
 Lesser Beckoning         Tloc           2%         N/A       52%         3
 Portal Projectile        Hex/Tloc       2%         N/A       52%         3
 Tukima's Dance           Hex            1%         N/A       52%         3
 Animate Armour           Summ/Erth      2%         N/A       89%         4
 Dispel Undead            Necr           1%         3d6       89%         4
 Blade Hands              Tmut           0%         N/A       99%         5
 Iron Shot                Conj/Erth      0%         9d1       100%        6
 Summon Hydra             Summ           0%         N/A       100%        7


Dungeon Overview and Level Annotations

Branches:
Dungeon (9/15)             Temple (0/1) D:7
   Lair: D:8-11         Orc: D:9-12

Altars:
Ashenzari
Dithmenos
Makhleb
Ru
Uskayaw
Wu Jian
Yredelemnul

Shops:
D:6 *!(*=   D:7 *   D:8 :


Innate Abilities, Weirdness & Mutations

Your demonic aura sometimes causes spilled blood to erupt in flames.
Your movements are slightly less encumbered by armour. (ER -2)
Your touch may inflict irresistible damage on your foes.


Message History

A wight comes into view. It is wielding a +0 battleaxe.
The wight closely misses you. The gnoll misses you.
The wight completely misses you. The wight hits you with a +0 battleaxe!
* * * LOW HITPOINT WARNING * * *
You feel drained.
* * * LOW HITPOINT WARNING * * *
The wight completely misses you.
You are too confused!
Okay, then.
You are too confused!
Unknown command.
Unknown command.
Unknown command.
Unknown command.
Okay, then.
Unknown command.
You feel very mighty all of a sudden. The wight misses you.
The gnoll hits you but does no damage.
A wight comes into view. It is wielding a +0 morningstar.
The wight misses you.
You miss the wight. Your touch misses the wight.
Your +2 spectral scimitar closely misses the wight.
The wight closely misses you.
The wight barely misses your +2 spectral scimitar.
The wight misses you.
The gnoll hits you from afar with a +0 spear.
* * * LOW HITPOINT WARNING * * *
You miss the wight. Your touch misses the wight.
Your +2 spectral scimitar hits the wight!!
You destroy the wight!
The Council accepts your kill. The wight barely misses you.
The gnoll hits you from afar with a +0 spear.
* * * LOW HITPOINT WARNING * * *
The wight attacks as you move away!
The wight hits you with a +0 great sword!
* * * LOW HITPOINT WARNING * * *
You feel drained.
You die...

... .. ..#
##... ......
#.##...g.
......
##..?D..g.
......
#.zD.§.o..
......#
###g#.§..D.
....... #.gy#
#...#
.......##§z##
..#
#......z).@.# .
#......<##.##
............#
..>........##
.............
#......../.....
.......#.......
##..#.###......
##### ......


You could see a hornet, a steam dragon, 3 wights and 2 gnolls.

Vanquished Creatures
  Amaemon (D:8)
  Joseph (D:8)
  A gargoyle (D:8)
  An orange demon (D:8)
  A hornet (D:8)
  Sigmund (D:4)
  2 wyverns
  3 yaks (D:8)
  An acid dragon (D:9)
  2 water moccasins
  3 sky beasts (D:7)
  2 black bears
  4 ice beasts
  3 orc warriors
  An ogre (D:5)
  3 centaurs
  2 kobold brigands (D:6)
  3 bullfrogs
  2 scorpions (D:7)
  5 wights
  2 killer bees (D:6)
  4 hounds
  3 jellies
  3 orc priests
  A gnoll bouda (D:6)
  4 iguanas
  12 gnolls
  6 adders
  3 shadow imps
  A white imp (D:6)
  An ufetubus (D:6)
  3 worms
  3 dart slugs
  15 orcs
  8 endoplasms
  5 giant cockroaches
  8 goblins
  5 hobgoblins
  5 jackals
  5 quokkas
  6 ball pythons
  5 bats
  3 frilled lizards
  18 kobolds
  3 rats
174 creatures vanquished.

Vanquished Creatures (others)
  An orc wizard (D:9)
  An orc (D:9)
2 creatures vanquished.

Grand Total: 176 creatures vanquished

Notes
Turn   | Place    | Note
-------+----------+-------------------------------------------
     0 | D:1      | voltaire321 the Demonspawn Gladiator began the quest for
                  | the Orb.
     0 | D:1      | Reached XP level 1. HP: 16/16 MP: 1/1
   352 | D:1      | Gained mutation: Your touch may inflict minor irresistible
                  | damage on your foes. [demonic ancestry]
   352 | D:1      | Reached XP level 2. HP: 22/22 MP: 2/2
   515 | D:1      | Found a faded altar of an unknown god.
   752 | D:2      | Reached skill level 1 in Armour
   754 | D:2      | Gained mutation: Your movements are slightly less
                  | encumbered by armour. (ER -2) [demonic ancestry]
   754 | D:2      | Reached XP level 3. HP: 14/28 MP: 3/3
   987 | D:2      | Found a basalt altar of Yredelemnul.
  1654 | D:2      | Reached XP level 4. HP: 34/34 MP: 4/4
  2056 | D:3      | Found a broken altar of Ashenzari.
  2527 | D:4      | Gained mutation: Your touch may inflict irresistible damage
                  | on your foes. [demonic ancestry]
  2527 | D:4      | Reached XP level 5. HP: 41/41 MP: 5/5
  2785 | D:4      | Noticed Sigmund
  2840 | D:4      | Killed Sigmund
  2841 | D:4      | Gained mutation: Your demonic aura sometimes causes spilled
                  | blood to erupt in flames. [demonic ancestry]
  2841 | D:4      | Reached XP level 6. HP: 44/48 MP: 6/6
  3085 | D:5      | Entered Level 5 of the Dungeon
  3182 | D:5      | Noticed an ice beast
  3193 | D:5      | Killed an ice beast
  3194 | D:5      | Reached skill level 1 in Spellcasting
  3196 | D:5      | Reached XP level 7. HP: 44/54 MP: 6/9
  3998 | D:6      | Reached XP level 8. HP: 58/61 MP: 11/11
  4010 | D:6      | Reached skill level 5 in Fighting
  4010 | D:6      | Reached skill level 5 in Long Blades
  4010 | D:6      | Reached skill level 5 in Dodging
  4153 | D:6      | Found Sidwokoy's Distillery.
  4169 | D:6      | Bought a potion of resistance for 120 gold pieces
  4169 | D:6      | Bought a potion of might for 48 gold pieces
  4299 | D:6      | Found Ogawkoc's Jewellery Boutique.
  4456 | D:6      | Found Kup Maga's Weapon Shoppe.
  4490 | D:6      | Found Hoik's Assorted Antiques.
  4837 | D:6      | Found Ykla's Assorted Antiques.
  4868 | D:6      | Found an ornate altar of the Wu Jian Council.
  4953 | D:6      | Became a worshipper of the Wu Jian Council
  5247 | D:6      | Reached skill level 5 in Armour
  5263 | D:6      | Reached XP level 9. HP: 22/69 MP: 12/12
  5606 | D:7      | Found a sacrificial altar of Ru.
  5607 | D:7      | Found a hide-covered altar of Uskayaw.
  5694 | D:7      | Found a shadowy altar of Dithmenos.
  5698 | D:7      | Found a burning altar of Makhleb.
  5727 | D:7      | Found Ysminge's Assorted Antiques.
  5826 | D:7      | Found a staircase to the Ecumenical Temple.
  6262 | D:8      | Reached * piety under Wu Jian
  6563 | D:8      | Noticed an orange demon
  6564 | D:8      | Noticed Amaemon
  6568 | D:8      | Killed an orange demon
  6574 | D:8      | Killed Amaemon
  6575 | D:8      | Reached XP level 10. HP: 54/80 MP: 13/13
  6828 | D:8      | Noticed a gargoyle
  6834 | D:8      | Killed a gargoyle
  7076 | D:8      | Noticed Joseph
  7085 | D:8      | Killed Joseph
  7155 | D:8      | Learned a level 4 spell: Olgreb's Toxic Radiance
  7167 | D:8      | Found Fuxabret's Book Boutique.
  7247 | D:9      | Reached skill level 1 in Poison Magic
  7265 | D:9      | HP: 1/73 [wight/+0 great sword (8)]
  7265 | D:9      | Slain by a wight

Illustrated notes

Levels and vault maps discovered:
D:1:      dpeg_arrival_rooms_with_view, layout_loops_ring,
          hellmonk_ecumenical_altar_zigzags
D:2:      layout_basic, basic_altar, nrook_mini_vaults, grunt_ministairs_9
D:3:      layout_loops_ring, evilmike_ruin_ashenzari
D:4:      layout_basic, st_stairs_5, uniq_sigmund
D:5:      layout_basic, grunt_decor_cap, minmay_manual_mares
D:6:      nicolae_cairo_tiling_large_dashed, layout_basic,
          nicolae_wu_jian_immortal_techniques, serial_shops,
          nicolae_shop_behind_doors, nicolae_lakefront_shop, shop, shop,
          nicolae_shop_behind_doors, kennysheep_generic_room_6
D:7:      layout_rooms, minitemple, mainiacjoe_overflow_catwalk_spiral,
          minmay_temple_entry_large_hall, serial_shops,
          nicolae_shop_hallway_plus, minmay_checkerbox
D:8:      layout_gridville, serial_shops, nicolae_shop_hallway_plus,
          uniq_amaemon, uniq_joseph
D:9:      layout_cave_pools, minmay_lair_entry_grove, serial_shops,
          nicolae_shop_advertising_works [nicolae_subvault_shop_adworks],
          kennysheep_generic_room_9

Skill      XL: |  1  2  3  4  5  6  7  8  9 10 |
---------------+-------------------------------+-----
Long Blades    | 3 4 5 7 8 |  8.1
Armour         | 1 2 3 5 |  5.0
Dodging        | 3 4 6 7 8 |  8.2
Fighting       | 3 4 6 7 8 |  8.7
Spellcasting   | 1 2 |  2.0
Poison Magic   | 1 |  1.1
Throwing       | |  1.7

Action                   |  1- 3 |  4- 6 |  7- 9 | 10-12 || total
-------------------------+-------+-------+-------+-------++-------
Melee: Long sword        |   107 |    79 |   216 |       ||   402
       Punch             |     2 |     1 |     3 |     1 ||     7
       Touch             |    10 |    13 |    37 |    11 ||    71
       Scimitar          |       |       |    12 |    35 ||    47
Throw: Javelin           |       |     2 |     8 |       ||    10
Invok: Lunge             |       |       |     6 |     5 ||    11
       Whirlwind         |       |       |     1 |       ||     1
Evoke: Wand              |       |       |     2 |       ||     2
  Use: Scroll            |       |     7 |    14 |     5 ||    26
       Potion            |       |     2 |     5 |     1 ||     8
 Stab: Sleeping          |     2 |     5 |     1 |       ||     8
       Distracted        |       |     1 |       |       ||     1
Armor: Leather armour    |    31 |    22 |    34 |     6 ||    93
Dodge: Dodged            |    94 |    61 |   223 |    26 ||   404
Block: Other             |       |    17 |    56 |     8 ||    81
       Reflection        |       |     2 |     2 |     1 ||     5

Table legend: (Time is in decaauts)
 A = Elapsed time spent in this place.
 B = Non-inter-level travel time spent in this place.
 C = Inter-level travel time spent in this place.
 D = Time resting spent in this place.
 E = Time spent auto-exploring this place.
 F = Levels seen in this place.
 G = Mean time per level.
                   A        B        C        D        E       F      G
               +--------+--------+--------+--------+--------+-----+--------+
         Total |   7329 |   7185 |    144 |   1235 |   4302 |   9 |  814.3 |
       Dungeon |   7329 |   7185 |    144 |   1235 |   4302 |   9 |  814.3 |
               +--------+--------+--------+--------+--------+-----+--------+

Top non-repeatable levels by time:
     D:6: 1402 daAuts
     D:2: 1095 daAuts
     D:8: 1032 daAuts
     D:5: 951 daAuts
     D:7: 798 daAuts
     D:3: 717 daAuts
     D:1: 700 daAuts
     D:4: 596 daAuts
     D:9: 34 daAuts
